 Dungeon Crawl Stone Soup version 0.17.0-28-g6e173f8 (webtiles) character file.

803 Ivanskos the Covered (level 7, -4/66 HPs)
             Began as a Deep Dwarf Fighter on Nov 23, 2015.
             Slain by a troll (9 damage)
             ... on level 4 of the Dungeon.
             The game lasted 00:14:49 (2726 turns).

Ivanskos the Covered (Deep Dwarf Fighter)           Turns: 2726, Time: 00:14:49

Health: -4/66      AC: 11    Str: 22    XL:     7   Next: 59%
Magic:  7/7        EV: 13    Int:  8    God:
Gold:   172        SH: 11    Dex: 17    Spells: 0 memorised, 6 levels left

rFire  . . .     SeeInvis .     a - +0 war axe
rCold  . . .     Clarity  .     k - +0 chain mail
rNeg   . . .     SustAt   .     c - +0 shield
rPois  .         Gourm    .     m - +0 helmet
rElec  .         Spirit   .     (no cloak)
rCorr  .         Warding  .     (no gloves)
rMut   .         Stasis   .     (no boots)
MR     ++...                    (no amulet)
Stlth  ..........               (no ring)
                                u - ring of protection from magic

@: agile, very slightly contaminated, non-regenerating, invisible, very
resistant to hostile enchantments, extremely unstealthy
A: damage resistance, recharge devices, sense surroundings 1, slow regeneration
3
a: Device Recharging


You were on level 4 of the Dungeon.
You were not hungry.

You visited 1 branch of the dungeon, and saw 4 of its levels.

You collected 172 gold pieces.

Inventory:

Hand Weapons
 a - a +0 war axe (weapon)
Armour
 c - a +0 shield (worn)
 k - a +0 chain mail (worn)
 m - a +0 helmet (worn)
Jewellery
 u - a ring of protection from magic (left hand)
Wands
 e - a wand of heal wounds (0)
Scrolls
 b - a scroll of identify
 o - 2 scrolls of recharging
 r - 2 scrolls of remove curse
Potions
 h - a potion of curing
 j - 2 potions of flight
 l - a potion of haste
Comestibles
 f - a slice of pizza
 g - a bread ration
 i - 2 meat rations


   Skills:
 + Level 4.4 Fighting
 + Level 4.2 Axes
 + Level 5.5 Armour
 + Level 3.5 Dodging
 + Level 5.5 Shields


You had 6 spell levels left.
You didn't know any spells.

Dungeon Overview and Level Annotations

Branches:
Dungeon (4/15)
 Temple: D:4-7

Altars:
Fedhas
Gozag
Okawaru
Yredelemnul


Innate Abilities, Weirdness & Mutations

You are resistant to damage.
You can recharge devices by infusing magical energy.
You passively map a small area around you.
You do not regenerate naturally.


Message History

Okay, then.
Unknown command.
It was a potion of cure mutation.
It has a very clean taste.
The troll barely misses you. You block the troll's attack. The troll claws you.
* * * LOW HITPOINT WARNING * * *
It was a potion of invisibility.
You fade into invisibility!
You block the troll's attack. x2
The troll claws you.
You are very lightly contaminated with residual magic.
It was a potion of agility.
You feel agile all of a sudden. The troll barely misses you.
The troll claws you.
* * * LOW HITPOINT WARNING * * *
The troll barely misses you.
Your shield and chain mail prevent you from hitting the troll.
The troll is moderately wounded.
You block the troll's attack. The troll barely misses you.
The troll claws you but does no damage. The troll bites you!
You die...

.....##.#.........#.,*
.....##.#...<.......
.....##.#...........
...>...........#####
.....####.....##.., , *
........[.....# §#,*
..............##§# *
###+#.........#T#### *
..............##@#.## *
....#####....##§#§#.##
..............######.#* #
....#.###..[..#.#.#.##..#
###....>...............#*
###.#.#####..###########
#.....# #..##.###
###'#######.......#
......#...........#


You could see a troll.

Vanquished Creatures
  The ghost of Dickchan the Cudgeler, an amateur MiBe of Trog (D:3)
  2 ogres (D:4)
  A phantom (D:4)
  An eye of draining (D:4)
  An orc priest (D:4)
  2 iguanas (D:4)
  An orc wizard (D:4)
  A hound skeleton (D:4)
  10 adders
  An ooze (D:2)
  6 giant geckos
  13 orcs
  8 bats
  6 giant cockroaches
  7 goblins
  9 hobgoblins
  6 kobolds
  3 ball pythons
  8 giant newts
  2 quokkas (D:2)
  13 rats
102 creatures vanquished.

Notes
Turn   | Place    | Note
--------------------------------------------------------------
     0 | D:1      | Ivanskos the Deep Dwarf Fighter began the quest for the Orb.
     0 | D:1      | Reached XP level 1. HP: 20/20 MP: 1/1
   133 | D:1      | Reached XP level 2. HP: 27/27 MP: 2/2
   609 | D:2      | Reached skill level 4 in Armour
   623 | D:2      | Reached XP level 3. HP: 26/34 MP: 3/3
  1053 | D:2      | Found a basalt altar of Yredelemnul.
  1091 | D:2      | Reached skill level 1 in Dodging
  1091 | D:2      | Reached XP level 4. HP: 35/42 MP: 4/4
  1425 | D:3      | Noticed Dickchan's ghost (amateur MiBe)
  1438 | D:3      | Killed Dickchan's ghost
  1438 | D:3      | Reached XP level 5. HP: 31/49 MP: 5/5
  1445 | D:3      | Found an iron altar of Okawaru.
  1593 | D:3      | Reached XP level 6. HP: 34/57 MP: 6/6
  2079 | D:4      | Found a blossoming altar of Fedhas.
  2268 | D:4      | Reached skill level 5 in Armour
  2268 | D:4      | Reached skill level 5 in Shields
  2374 | D:4      | Reached XP level 7. HP: 37/64 MP: 7/7
  2449 | D:4      | Found an opulent altar of Gozag.
  2712 | D:4      | Noticed a troll
  2726 | D:4      | Slain by a troll

Action                   |  1- 3 |  4- 6 |  7- 9 || total
-------------------------+-------+-------+-------++-------
Melee: War axe           |   179 |   196 |    86 ||   461
Evoke: Wand              |     1 |     5 |     3 ||     9
  Use: Potion            |       |     2 |     3 ||     5
       Scroll            |       |     9 |     1 ||    10
 Stab: Distracted        |       |     1 |       ||     1
  Eat: Fruit             |     1 |     1 |       ||     2
       Beef jerky        |       |     1 |       ||     1
       Bread ration      |       |     1 |       ||     1
